3L
KINGSTON TOWNSHIP LEGION @ CAPITAL DISTRICT RED KNIGHTS
09/02/2023
 
TOP OF THE 1ST
Kingston Township Legion batting - Pitching for Capital District Red Knights : LHP Marcelino Freschi
Pitching: LHP Marcelino Freschi
Batting: LHB Forrest McCooke 0-0: Bunted foul
0-1: Ball
1-1: Swinging Strike
1-2: Strikes out swinging
Batting: LHB Gonzalo López 0-0: Ball
1-0: Foul Ball, location: 2F
1-1: Fly out, F8 (Flyball, 8LM)
Batting: RHB Layton Templeman 0-0: Ball
1-0: Ball
2-0: Ball
3-0: Called Strike
3-1: Swinging Strike
3-2: Fly out, F8 (Flyball, 8LD)
Top of the 1st over - 0 run(s), 0 hit(s), 0 error(s), 0 left on base; Kingston Township 0 - Capital District 0
BOTTOM OF THE 1ST
Capital District Red Knights batting - Pitching for Kingston Township Legion : RHP Greg White
Pitching: RHP Greg White
Batting: LHB Arturo Hernández 0-0: Ball
1-0: Ground out U3 (Groundball, 3)
Batting: RHB Shawn Hicks 0-0: Foul Ball, location: 2F
0-1: Ball
1-1: Foul Ball, location: 2F
1-2: Fly out, F7 (Flyball, 7M)
Batting: SHB Joreão Canosa 0-0: Ball
1-0: Called Strike
1-1: Ball
2-1: Ball
3-1: Ground out 4-3 (Groundball, 4)
Bottom of the 1st over - 0 run(s), 0 hit(s), 0 error(s), 0 left on base; Kingston Township 0 - Capital District 0
TOP OF THE 2ND
Kingston Township Legion batting - Pitching for Capital District Red Knights : LHP Marcelino Freschi
Batting: LHB Clay Rush 0-0: Called Strike
0-1: Ball
1-1: Ball
2-1: Ball
3-1: Foul Ball, location: 2F
3-2: Ground out 4-3 (Groundball, 34)
Batting: RHB Akihiko Oike 0-0: Ball
1-0: Foul Ball, location: 2F
1-1: Foul Ball, location: 2F
1-2: Ball
2-2: SINGLE (Groundball, 56D)
Batting: RHB Pedro Mendoza 0-0: Swinging Strike
0-1: Ball
1-1: Ball
2-1: Ball
3-1: 2-RUN HOME RUN (Flyball, 89XD), Distance : 375 ft
Batting: RHB Nectanebos Dolenian 0-0: Foul Ball, location: 2F
0-1: Swinging Strike
0-2: Foul Ball, location: 2F
0-2: Fly out, F7 (Flyball, 78XD)
Batting: RHB Jon Erickson 0-0: Foul Ball, location: 2F
0-1: Ball
1-1: Ball
2-1: Ball
3-1: Base on Balls
Batting: LHB Martín Núñes 0-0: Ball
1-0: Called Strike
1-1: Ground out 4-3 (Groundball, 4)
Top of the 2nd over - 2 run(s), 2 hit(s), 0 error(s), 1 left on base; Kingston Township 2 - Capital District 0
BOTTOM OF THE 2ND
Capital District Red Knights batting - Pitching for Kingston Township Legion : RHP Greg White
Batting: RHB Barry Dempsey 0-0: Ball
1-0: Called Strike
1-1: Called Strike
1-2: Strikes out swinging
Batting: RHB Tom Christensen 0-0: Ball
1-0: Ball
2-0: Ground out 3-1 (Groundball, 34)
Batting: RHB Martin Young 0-0: Foul Ball, location: 2F
0-1: Ground out 6-3 (Groundball, 6)
Bottom of the 2nd over - 0 run(s), 0 hit(s), 0 error(s), 0 left on base; Kingston Township 2 - Capital District 0
TOP OF THE 3RD
Kingston Township Legion batting - Pitching for Capital District Red Knights : LHP Marcelino Freschi
Batting: LHB Forrest McCooke 0-0: Swinging Strike
0-1: Foul Ball, location: 2F
0-2: Foul Ball, location: 2F
0-2: Ball
1-2: Foul Ball, location: 2F
1-2: DOUBLE (Line Drive, 89XD)
Batting: LHB Gonzalo López 0-0: Ball
1-0: Ball
2-0: Fly out, F4 (Popup, 4)
Batting: RHB Layton Templeman 0-0: Called Strike
0-1: Ball
1-1: Ground out 5-3 (Groundball, 56S)
Forrest McCooke to third
Batting: LHB Clay Rush 0-0: Ball
1-0: Swinging Strike
1-1: Ball
2-1: Ball
3-1: Base on Balls
Batting: RHB Akihiko Oike 0-0: Swinging Strike
0-1: Ball
1-1: Ball
2-1: Swinging Strike
2-2: SINGLE (Line Drive, 8LS)
Forrest McCooke scores
Clay Rush to second
Runner from 2nd tries for 3rd, SAFE, no throw or cutoff
Batting: RHB Pedro Mendoza 0-0: Called Strike
0-1: Foul Ball, location: 2F
0-2: Ball
1-2: Fly out, F7 (Flyball, 78S)
Top of the 3rd over - 1 run(s), 2 hit(s), 0 error(s), 2 left on base; Kingston Township 3 - Capital District 0
BOTTOM OF THE 3RD
Capital District Red Knights batting - Pitching for Kingston Township Legion : RHP Greg White
Batting: LHB Leonardo López 0-0: Called Strike
0-1: Ball
1-1: Ball
2-1: Ball
3-1: Called Strike
3-2: SINGLE (Line Drive, 4D)
Batting: RHB Manny Carbajal 0-0: Ball
1-0: Fly out, F7 (Line Drive, 78D)
Batting: LHB Arturo Acosta 0-0: Ball
1-0: Ball
2-0: Foul Ball, location: 2F
2-1: Ground out 5-3 (Groundball, 56S)
Leonardo López to second
Batting: LHB Arturo Hernández 0-0: Called Strike
0-1: Ball
1-1: Swinging Strike
1-2: Ball
2-2: Strikes out looking
Bottom of the 3rd over - 0 run(s), 1 hit(s), 0 error(s), 1 left on base; Kingston Township 3 - Capital District 0
TOP OF THE 4TH
Kingston Township Legion batting - Pitching for Capital District Red Knights : LHP Marcelino Freschi
Batting: RHB Nectanebos Dolenian 0-0: DOUBLE (Flyball, 89D)
Batting: RHB Jon Erickson 0-0: Called Strike
0-1: Ball
1-1: Ball
2-1: Ground out 4-3 (Groundball, 4M)
Nectanebos Dolenian to third
Batting: LHB Martín Núñes 0-0: Called Strike
0-1: Ball
1-1: 2-RUN HOME RUN (Flyball, 7D), Distance : 362 ft
Batting: LHB Forrest McCooke 0-0: Called Strike
0-1: Swinging Strike
0-2: Ball
1-2: Ball
2-2: Fly out, F7 (Flyball, 7LM)
Batting: LHB Gonzalo López 0-0: Ball
1-0: Foul Ball, location: 2F
1-1: Ground out 4-3 (Groundball, 4M)
Top of the 4th over - 2 run(s), 2 hit(s), 0 error(s), 0 left on base; Kingston Township 5 - Capital District 0
BOTTOM OF THE 4TH
Capital District Red Knights batting - Pitching for Kingston Township Legion : RHP Greg White
Batting: RHB Shawn Hicks 0-0: Ground out 6-3 (Groundball, 6)
Batting: SHB Joreão Canosa 0-0: Called Strike
0-1: Foul Ball, location: 2F
0-2: Ball
1-2: SINGLE (Line Drive, 4D)
Batting: RHB Barry Dempsey 0-0: Ball
1-0: Ball
2-0: Foul Ball, location: 2F
2-1: Foul Ball, location: 2F
2-2: Ball
3-2: Foul Ball, location: 2F
3-2: Ground out 3-1 (Groundball, 34)
Joreão Canosa to second
Batting: RHB Tom Christensen 0-0: Ball
Passed Ball!
Joreão Canosa to third
1-0: Called Strike
1-1: Foul Ball, location: 2F
1-2: Foul Ball, location: 2F
1-2: Ground out 1-3 (Groundball, 23)
Bottom of the 4th over - 0 run(s), 1 hit(s), 0 error(s), 1 left on base; Kingston Township 5 - Capital District 0
TOP OF THE 5TH
Kingston Township Legion batting - Pitching for Capital District Red Knights : LHP Marcelino Freschi
Batting: RHB Layton Templeman 0-0: Ball
1-0: Called Strike
1-1: Ball
2-1: Foul Ball, location: 2F
2-2: Foul Ball, location: 2F
2-2: DOUBLE (Line Drive, 7M)
Batting: LHB Clay Rush 0-0: Foul Ball, location: 2F
0-1: Ground out 5-3 (Groundball, 56)
Batting: RHB Akihiko Oike 0-0: Ground out 5-3 (Groundball, 5L)
Batting: RHB Pedro Mendoza 0-0: Ball
1-0: Called Strike
1-1: Called Strike
1-2: Fly out, F2 (Popup, 2LF)
Top of the 5th over - 0 run(s), 1 hit(s), 0 error(s), 1 left on base; Kingston Township 5 - Capital District 0
BOTTOM OF THE 5TH
Capital District Red Knights batting - Pitching for Kingston Township Legion : RHP Greg White
Batting: RHB Martin Young 0-0: Called Strike
0-1: Swinging Strike
0-2: Ball
1-2: Foul Ball, location: 2F
1-2: Ball
2-2: Foul Ball, location: 2F
2-2: Fly out, F9 (Flyball, 89M)
Batting: LHB Leonardo López 0-0: Ball
1-0: Ball
2-0: Ball
3-0: Base on Balls
Batting: RHB Manny Carbajal 0-0: Foul Ball, location: 2F
0-1: Foul Ball, location: 2F
0-2: Ball
1-2: Ball
2-2: Strikes out swinging
Batting: LHB Arturo Acosta 0-0: Ball
1-0: Ball
2-0: Called Strike
2-1: Called Strike
2-2: Ball
3-2: SINGLE (Groundball, 4)
Leonardo López to second
Leonardo López to third
Batting: LHB Arturo Hernández 0-0: Ball
1-0: Foul Ball, location: 2F
1-1: Ball
2-1: Ball
3-1: Base on Balls
Arturo Acosta to second
Batting: RHB Shawn Hicks 0-0: Called Strike
0-1: Ball
1-1: Foul Ball, location: 2F
1-2: Strikes out swinging
Bottom of the 5th over - 0 run(s), 1 hit(s), 0 error(s), 3 left on base; Kingston Township 5 - Capital District 0
TOP OF THE 6TH
Kingston Township Legion batting - Pitching for Capital District Red Knights : LHP Marcelino Freschi
Batting: RHB Nectanebos Dolenian 0-0: Foul Ball, location: 2F
0-1: Ball
1-1: Ball
2-1: Ball
3-1: Base on Balls
Batting: RHB Jon Erickson 0-0: Ball
1-0: Called Strike
1-1: Called Strike
1-2: Strikes out swinging
Batting: LHB Martín Núñes 0-0: Called Strike
0-1: Ground out 3-1 (Groundball, 34)
Nectanebos Dolenian to second
Batting: LHB Forrest McCooke 0-0: Ball
1-0: Ball
2-0: Called Strike
2-1: Ball
3-1: Ground out 3-1 (Groundball, 34)
Top of the 6th over - 0 run(s), 0 hit(s), 0 error(s), 1 left on base; Kingston Township 5 - Capital District 0
BOTTOM OF THE 6TH
Capital District Red Knights batting - Pitching for Kingston Township Legion : RHP Greg White
Batting: SHB Joreão Canosa 0-0: Foul Ball, location: 2F
0-1: Fly out, F8 (Flyball, 8RD)
Batting: RHB Barry Dempsey 0-0: Foul Ball, location: 2F
0-1: Ball
1-1: Ball
2-1: SOLO HOME RUN (Line Drive, 7D), Distance : 350 ft
Batting: RHB Tom Christensen 0-0: Reached on error, E6 (Groundball, 6)
Batting: RHB Martin Young 0-0: Swinging Strike
0-1: Swinging Strike
0-2: Strikes out swinging
Pitching: LHP Bill Washington
Batting: LHB Leonardo López 0-0: Ball
1-0: Called Strike
1-1: Called Strike
1-2: Strikes out looking
Bottom of the 6th over - 1 run(s), 1 hit(s), 1 error(s), 1 left on base; Kingston Township 5 - Capital District 1
TOP OF THE 7TH
Kingston Township Legion batting - Pitching for Capital District Red Knights : LHP Marcelino Freschi
Pitching: LHP Jeffery Howell
Batting: LHB Gonzalo López 0-0: Called Strike
0-1: Ball
1-1: Ball
2-1: Foul Ball, location: 2F
2-2: Ball
3-2: Base on Balls
Batting: RHB Layton Templeman 0-0: Ball
1-0: Swinging Strike
1-1: Ground out 5-3 (Groundball, 56S)
Gonzalo López to second
Batting: LHB Clay Rush 0-0: Ball
1-0: SINGLE (Groundball, 4MD)
Gonzalo López to third
Runner from 3rd tries for Home, SAFE, no throw or cutoff
Batting: RHB Akihiko Oike 0-0: Ball
1-0: Called Strike
1-1: Ball
2-1: Foul Ball, location: 2F
2-2: Ball
3-2: Fly out, F8 (Flyball, 8RS)
Batting: RHB Pedro Mendoza 0-0: Swinging Strike
0-1: Ball
1-1: Swinging Strike
1-2: Strikes out looking
Top of the 7th over - 1 run(s), 1 hit(s), 0 error(s), 1 left on base; Kingston Township 6 - Capital District 1
BOTTOM OF THE 7TH
Capital District Red Knights batting - Pitching for Kingston Township Legion : LHP Bill Washington
Batting: RHB Manny Carbajal 0-0: Ball
1-0: Ball
2-0: Ball
3-0: Called Strike
3-1: Swinging Strike
3-2: Ground out 6-3 (Groundball, 6)
Batting: LHB Arturo Acosta 0-0: Ball
1-0: Swinging Strike
1-1: Ground out U3 (Groundball, 3L)
Batting: LHB Arturo Hernández 0-0: Ball
1-0: Ball
2-0: SINGLE (Flyball, 89M)
Batting: RHB Shawn Hicks 0-0: Called Strike
0-1: Ball
1-1: Swinging Strike
1-2: Fly out, F6 (Popup, 6D)
Bottom of the 7th over - 0 run(s), 1 hit(s), 0 error(s), 1 left on base; Kingston Township 6 - Capital District 1
TOP OF THE 8TH
Kingston Township Legion batting - Pitching for Capital District Red Knights : LHP Jeffery Howell
Batting: RHB Nectanebos Dolenian 0-0: Ball
1-0: Ball
2-0: Foul Ball, location: 2F
2-1: Swinging Strike
2-2: Foul Ball, location: 2F
2-2: Strikes out swinging
Batting: RHB Jon Erickson 0-0: Called Strike
0-1: Ball
1-1: Ball
2-1: Foul Ball, location: 2F
2-2: Ball
3-2: Strikes out swinging
Batting: LHB Martín Núñes 0-0: Ball
1-0: Ball
2-0: Called Strike
2-1: SINGLE (Line Drive, 4MD)
Batting: LHB Forrest McCooke 0-0: Ball
1-0: Foul Ball, location: 2F
1-1: Ball
2-1: Foul Ball, location: 2F
2-2: Ball
3-2: SINGLE (Line Drive, 9S)
Martín Núñes to second
Martín Núñes to third
Batting: LHB Gonzalo López 0-0: Ball
1-0: Ball
2-0: Called Strike
2-1: Fly out, F7 (Flyball, 7D)
Top of the 8th over - 0 run(s), 2 hit(s), 0 error(s), 2 left on base; Kingston Township 6 - Capital District 1
BOTTOM OF THE 8TH
Capital District Red Knights batting - Pitching for Kingston Township Legion : LHP Bill Washington
Batting: SHB Joreão Canosa 0-0: Ball
1-0: Ball
2-0: Ball
3-0: Called Strike
3-1: Called Strike
3-2: Fly out, F7 (Flyball, 78S)
Batting: RHB Barry Dempsey 0-0: Ball
1-0: Ball
2-0: DOUBLE (Line Drive, 9LS) - OUT at third base trying to stretch hit.
Pitching: RHP Albert Días
Batting: RHB Tom Christensen 0-0: Ball
1-0: Ball
2-0: Ball
3-0: Base on Balls
Batting: RHB Martin Young 0-0: Called Strike
0-1: Ball
1-1: Ball
2-1: Ground out 4-3 (Groundball, 4)
Bottom of the 8th over - 0 run(s), 1 hit(s), 0 error(s), 1 left on base; Kingston Township 6 - Capital District 1
TOP OF THE 9TH
Kingston Township Legion batting - Pitching for Capital District Red Knights : LHP Jeffery Howell
Batting: RHB Layton Templeman 0-0: Foul Ball, location: 2F
0-1: Fly out, F8 (Flyball, 8RM)
Batting: LHB Clay Rush 0-0: Ball
1-0: Swinging Strike
1-1: Ball
2-1: Ball
3-1: Base on Balls
Pitching: RHP Reynaldo Díaz
Batting: RHB Akihiko Oike 0-0: Called Strike
0-1: Ground out 5-3 (Groundball, 5S)
Clay Rush to second
Batting: RHB Pedro Mendoza 0-0: SINGLE (Line Drive, 6MD)
Clay Rush to third
Batting: RHB Nectanebos Dolenian 0-0: Called Strike
0-1: Foul Ball, location: 2F
0-2: SINGLE (Groundball, 56D)
Clay Rush scores
Pedro Mendoza to second
Batting: RHB Jon Erickson 0-0: Fly out, F9 (Flyball, 9M)
Top of the 9th over - 1 run(s), 2 hit(s), 0 error(s), 2 left on base; Kingston Township 7 - Capital District 1
BOTTOM OF THE 9TH
Capital District Red Knights batting - Pitching for Kingston Township Legion : RHP Albert Días
Batting: LHB Leonardo López 0-0: Called Strike
0-1: Ball
1-1: Ball
2-1: Ground out 4-3 (Groundball, 4)
Batting: RHB Manny Carbajal 0-0: Ball
1-0: Fly out, F9 (Flyball, 89M)
Batting: LHB Arturo Acosta 0-0: Ball
1-0: Called Strike
1-1: Called Strike
1-2: Strikes out looking
Bottom of the 9th over - 0 run(s), 0 hit(s), 0 error(s), 0 left on base; Kingston Township 7 - Capital District 1
This league is powered by Out of the Park Baseball, the baseball management simulation game for PC, Mac and Linux
Friday, July 8th, 2016 - OOTP Baseball 16.9 Build 39